 Dungeon Crawl Stone Soup version 0.18.1-48-g4cf74bf (webtiles) character file.

320 tyranidshit the Grave Robber (level 6, -2/49 HPs)
             Began as a Deep Dwarf Necromancer on July 9, 2016.
             Slain by an adder (3 damage)
             ... on level 2 of the Dungeon.
             The game lasted 00:18:40 (1886 turns).

tyranidshit the Grave Robber (DDNe)                 Turns: 1886, Time: 00:18:40

Health: -2/49      AC:  3    Str: 11    XL:     6   Next: 22%
Magic:  2/11       EV: 12    Int: 18    God:
Gold:   109        SH:  0    Dex: 13    Spells: 2 memorised, 7 levels left

rFire  . . .     SeeInvis .     s - +0 trident
rCold  . . .     Gourm    .     a - +0 robe
rNeg   . . .     Faith    .     (no shield)
rPois  .         Spirit   .     B - +0 helmet
rElec  .         Dismiss  .     (no cloak)
rCorr  .         Reflect  .     (no gloves)
SustAt .         Harm     .     (no boots)
MR     .....                    (no amulet)
Stlth  ++........               (no ring)
                                (no ring)

@: lethally poisoned (-2 -> -2), non-regenerating, not resistant to hostile
enchantments, unstealthy
A: damage resistance, recharge devices, sense surroundings 1, slow regeneration
3
a: Device Recharging


You were on level 2 of the Dungeon.
You were not hungry.

You visited 1 branch of the dungeon, and saw 3 of its levels.

You collected 109 gold pieces.

Inventory:

Hand Weapons
 j - a +0 short sword
 s - a +0 trident (weapon)
 y - a +0 scythe
Missiles
 l - 12 poisoned needles
Armour
 a - a +0 robe (worn)
 u - a +0 leather armour
 z - a +0 robe
 B - a +0 helmet (worn)
Jewellery
 x - an uncursed ring of resist corrosion
Wands
 c - a wand of heal wounds (0/9)
Scrolls
 i - a scroll of remove curse {unknown}
 k - a scroll of teleportation {unknown}
 n - 2 scrolls of immolation
 o - 2 scrolls of identify
 p - a scroll of amnesia {unknown}
 q - a scroll of random uselessness
 t - a scroll of recharging {unknown}
 w - a scroll of magic mapping {unknown}
 A - a scroll of blinking {unknown}
Potions
 e - a potion of heal wounds {unknown}
 f - a potion of agility {unknown}
 g - a potion of lignification {unknown}
 h - a potion of magic {unknown}
 r - a potion of might
 v - a potion of curing {unknown}
Books
 b - a book of Necromancy

   Spells                             Type                      Level
   a - Pain                           Necromancy                   1
   b - Animate Skeleton               Necromancy                   1
   c - Vampiric Draining              Necromancy                   3
   d - Regeneration                   Charms/Necromancy            3
   e - Animate Dead                   Necromancy                   4
   f - Control Undead                 Necromancy                   4
Comestibles
 d - a bread ration
 m - a slice of pizza


   Skills:
 - Level 2.1 Dodging
 - Level 2.4 Stealth
 + Level 3.4 Spellcasting
 * Level 7.2 Necromancy


You had 7 spell levels left.
You knew the following spells:

 Your Spells              Type           Power        Failure   Level  Hunger
a - Pain                  Necr           ####         1%          1    None
b - Vampiric Draining     Necr           ####......   2%          3    ###....


Dungeon Overview and Level Annotations

Branches:
Dungeon (3/15)

Altars:


Innate Abilities, Weirdness & Mutations

You are resistant to damage.
You can recharge devices by infusing magical energy.
You passively map a small area around you.
You do not regenerate naturally.


Message History

The ball python constricts you.
The orc wizard casts a spell.
The orc wizard blinks!
The ball python bites you but does no damage.
The ball python constricts you.
Your attempt to break free from the ball python fails, but you feel that another attempt might succeed.
The ball python closely misses you. The ball python constricts you.
You escape the ball python's grasp.
An adder comes into view.
The ball python closely misses you. x2
The adder closely misses you. The adder bites you.
You are poisoned.
The adder poisons you! The adder barely misses you.
The ball python bites you but does no damage.
The ball python closely misses you.
The orc wizard gestures wildly while chanting.
The orc wizard blinks!
The adder bites you.
You die...

###### #....# ##### #....#
#...#
#....################...#####
#...................+...'....
####)#.......#.....##...#####
####>...)................#
#....#.#####@#.....#####.##
#.#....# #S####..# #..#
#.#.#### #S# #..# ##.#
#.#....# #.# #..### #.##
#.####.#####.# #....# #..#
#.# #.o.S.o.# #.##.# ###'##
#####.############
#....###..... ...........##
###..........
............########
#.###.)....


You could see an orc wizard, an adder and a ball python.

Vanquished Creatures
  Sigmund (D:2)
  A worker ant (D:2)
  Robin (D:3)
  A gnoll (D:1)
  6 adders
  A worm (D:2)
  2 dart slugs
  2 giant cockroaches
  15 goblins
  12 hobgoblins
  3 kobolds
  A ball python (D:2)
  7 bats
  4 giant newts
  4 rats
61 creatures vanquished.

Notes
Turn   | Place    | Note
--------------------------------------------------------------
     0 | D:1      | tyranidshit the Deep Dwarf Necromancer began the quest for the Orb.
     0 | D:1      | Reached XP level 1. HP: 15/15 MP: 3/3
    67 | D:1      | Reached XP level 2. HP: 8/22 MP: 0/5
   355 | D:1      | Reached skill level 5 in Necromancy
   449 | D:1      | Reached XP level 3. HP: 11/28 MP: 0/6
   454 | D:1      | Learned a level 3 spell: Vampiric Draining
  1128 | D:2      | Noticed Sigmund
  1139 | D:2      | Reached XP level 4. HP: 32/36 MP: 0/7
  1209 | D:2      | Killed Sigmund
  1209 | D:2      | Reached skill level 6 in Necromancy
  1209 | D:2      | Reached XP level 5. HP: 22/42 MP: 0/9
  1491 | D:2      | Reached skill level 7 in Necromancy
  1496 | D:2      | Reached XP level 6. HP: 13/49 MP: 1/10
  1599 | D:3      | Noticed Robin
  1716 | D:3      | Killed Robin
  1869 | D:2      | HP: 1/49 [orc wizard/magic dart (7)]
  1886 | D:2      | Slain by an adder

Skill      XL: |  1  2  3  4  5 |
---------------+----------------+-----
Spellcasting   | 2 3 |  3.4
Necromancy     | 5 6 7 |  7.2
Dodging        | |  2.1
Stealth        | |  2.4

Action                   |  1- 3 |  4- 6 || total
-------------------------+-------+-------++-------
Melee: Short sword       |    34 |    14 ||    48
       Scythe            |       |    24 ||    24
       Trident           |       |    14 ||    14
 Cast: Pain              |    42 |    30 ||    72
       Vampiric Draining |    14 |    19 ||    33
Evoke: Wand              |     1 |     4 ||     5
  Use: Scroll            |       |     3 ||     3
       Potion            |       |     2 ||     2
  Eat: Bread ration      |     1 |     1 ||     2
Armor: Robe              |     7 |    14 ||    21
Dodge: Dodged            |    35 |    90 ||   125
